Map: Nightshade LE

Players

INnoVation

  • Race: Terran Terran
  • League: Master
  • Spawn Location: 5:00

soO - Winner!

  • Race: Zerg Zerg
  • Spawn Location: 11:00

Event: StayAtHomestory Cup #1

VOD

Have the link to the VOD?

Description

Time

  • Played on: April 10, 2020, 7:39 a.m.
  • Length: 11:36

All games in this series

Show
View Real Time Build Order
Export as new Build Order

INnoVation Terran 

Build Orders: Reaper Expand, Hellion Banshee 

Get SALT Encoding   

  12  0:00  SCV  
  13  0:13  SCV  
  14  0:17  Supply Depot  
  14  0:25  SCV  
  15  0:39  SCV  
  15  0:40  Barracks  
  16  0:42  Refinery  
  16  0:51  SCV  
  17  1:03  SCV  
  18  1:15  SCV  
  19  1:27  Orbital Command, Reaper  
  20  1:38  Command Center  
  20  1:49  Supply Depot  
  20  1:53  SCV  
  21  1:58  Marine  
  22  2:05  SCV  
  23  2:12  Factory  
  23  2:16  Marine  
  23  2:17  SCV  
  25  2:29  SCV  
  26  2:36  Barracks Reactor  
  26  2:41  SCV  
  26  2:42  Refinery  
  27  2:50  Orbital Command  
  27  2:53  SCV  
  27  2:58  Starport  
  28  3:05  SCV  
  29  3:08  Command Center  
  29  3:16  SCV  
  29  3:17  SCV  
  31  3:22  Hellion  
  31  3:23  Hellion  
  35  3:30  SCV x2  
  35  3:34  Starport Tech Lab  
  37  3:39  Supply Depot  
  37  3:44  SCV x2, Hellion x2  
  43  3:52  Cloaking Field, Banshee  
  43  3:53  Barracks Tech Lab  
  46  4:01  SCV x2  
  48  4:05  Hellion x2  
  52  4:12  Stimpack  
  52  4:13  SCV x2  
  54  4:21  Orbital Command  
  54  4:26  SCV  
  54  4:27  SCV  
  54  4:29  Supply Depot  
  56  4:33  Barracks  
  56  4:35  Banshee  
  59  4:38  Factory Reactor  
  59  4:42  SCV x2, Barracks  
  61  4:48  SCV  
  61  4:52  Engineering Bay  
  62  4:53  Engineering Bay  
  62  4:56  Marine  
  62  4:58  SCV x2  
  65  5:00  SCV  
  65  5:06  Refinery  
  66  5:07  Supply Depot, Refinery  
  66  5:10  SCV x2  
  66  5:14  Marine  
  68  5:18  Supply Depot  
  68  5:20  Marine x2  
  71  5:23  Terran Infantry Armor Level 1  
  71  5:24  Starport Reactor, Terran Infantry Weapons Level 1, Orbital Command  
  71  5:27  SCV x2  
  73  5:35  Marine x3  
  73  5:38  Marine x2  
  73  5:40  Barracks  
  73  5:41  SCV x2, Barracks  
  80  5:46  Siege Tank  
  83  5:51  Combat Shield  
  83  5:53  SCV  
  83  5:56  SCV x2  
  86  6:00  Marine  
  86  6:02  Marine x4  
  91  6:04  Supply Depot  
  91  6:07  Supply Depot  
  91  6:10  Medivac  
  93  6:23  Armory  
  93  6:25  Medivac  
  93  6:26  SCV x3  
  93  6:28  Supply Depot, Barracks Reactor  
  93  6:29  Barracks Reactor  
  93  6:30  Supply Depot  
  98  6:34  Marine x2  
  98  6:35  Marine x3  
  98  6:36  Siege Tank  
  98  6:38  SCV x3  
  109  6:41  Refinery  
  109  6:43  Refinery  
  109  6:44  Supply Depot  
  109  6:47  Supply Depot  
  109  6:50  SCV  
  109  6:51  SCV x2  
  109  6:55  Marine x5  
  114  7:03  Supply Depot x2  
  114  7:05  SCV  
  114  7:06  SCV x2  
  117  7:12  Marine  
  117  7:14  Marine x7  
  117  7:15  Siege Tank  
  128  7:18  Terran Infantry Armor Level 2  
  128  7:19  Terran Infantry Weapons Level 2  
  128  7:23  SCV x3  
  128  7:26  Supply Depot  
  131  7:30  Marine  
  131  7:31  Marine x2  
  131  7:32  Marine x4, Factory  
  131  7:37  Marine x2, Medivac  
  140  7:42  Medivac  
  144  7:47  Supply Depot  
  144  7:48  Marine x2  
  144  7:51  Supply Depot, Siege Tank  
  149  8:03  Marine x7  
  156  8:10  Medivac  
  156  8:12  Medivac, Terran Vehicle Weapons Level 1  
  160  8:19  Factory Tech Lab  
  160  8:22  Barracks x2  
  160  8:25  Barracks  
  160  8:27  Command Center  
  160  8:30  Concussive Shells, Siege Tank  
  160  8:31  Marine x5, Marauder  
  170  8:35  Supply Depot  
  170  8:40  Siege Tank  
  172  8:48  Sensor Tower  
  172  8:49  Supply Depot  
  172  8:50  Medivac x2, Supply Depot  
  172  8:54  Marine x2, Marauder  
  179  9:03  Siege Tank  
  179  9:09  Marine x3  
  175  9:10  Barracks Tech Lab  
  175  9:11  Barracks Tech Lab  
  175  9:12  Barracks Tech Lab  
  175  9:14  Marine x3  
  175  9:16  Marauder  
  178  9:27  Marine  
  178  9:28  Marine x4, Siege Tank  
  178  9:30  Marauder x2  
  178  9:31  Marine, Marauder  
  192  9:37  Marauder  
  157  9:52  Marine x6, Marauder x3  
  152  9:53  Marine  
  152  9:57  Siege Tank  
  161  10:03  Marine x2  
  163  10:07  Planetary Fortress  
  163  10:08  SCV  
  163  10:09  SCV  
  163  10:10  Marine x4  
  140  10:24  Marauder x2  
  140  10:25  Marauder x2  
  140  10:26  Siege Tank  
  140  10:27  Marine x3  
  119  10:29  Siege Tank  
  120  10:45  Marine  
  120  10:46  Marine x8, Marauder x3  
  106  11:03  Marine x3  
  106  11:04  Marine x3, Marauder  
  111  11:07  Marauder x2  
  122  11:13  Marine x3  
Show
View Real Time Build Order
Export as new Build Order

soO Zerg - Winner!

Build Orders: Hatch First 

Get SALT Encoding   

  12  0:00  Drone  
  13  0:12  Overlord  
  13  0:17  Drone  
  14  0:30  Drone x2  
  16  0:47  Hatchery  
  15  0:50  Drone  
  15  0:54  Drone  
  17  0:58  Drone  
  18  1:08  Extractor  
  17  1:12  Spawning Pool  
  17  1:15  Drone  
  17  1:19  Drone  
  18  1:27  Drone  
  19  1:38  Drone  
  20  1:49  Overlord  
  20  1:59  Queen x2  
  20  2:00  Zergling x4  
  26  2:11  Drone x2  
  28  2:16  Metabolic Boost  
  28  2:24  Drone  
  28  2:25  Drone  
  30  2:35  Queen  
  32  2:39  Overlord  
  32  2:40  Drone  
  34  2:45  Drone  
  34  2:46  Drone  
  34  2:55  Drone  
  35  2:59  Drone  
  35  3:03  Drone  
  37  3:08  Hatchery  
  37  3:09  Drone x2  
  37  3:11  Drone, Queen  
  41  3:17  Overlord  
  41  3:18  Drone x2  
  43  3:33  Overlord  
  43  3:36  Drone x2  
  45  3:41  Drone  
  45  3:42  Drone x2  
  45  3:44  Drone  
  45  3:46  Overlord  
  45  3:47  Drone  
  50  3:50  Drone  
  51  3:56  Queen  
  51  4:00  Zergling x4  
  55  4:03  Drone  
  55  4:06  Extractor  
  55  4:12  Drone  
  55  4:15  Drone x3  
  55  4:17  Extractor  
  58  4:21  Queen  
  58  4:22  Drone  
  58  4:23  Baneling Nest  
  60  4:26  Zergling x4  
  60  4:29  Drone x2  
  60  4:30  Overlord  
  64  4:31  Drone  
  64  4:32  Drone  
  64  4:33  Queen  
  68  4:38  Drone  
  68  4:39  Spore Crawler  
  68  4:41  Lair, Drone  
  68  4:42  Drone  
  68  4:44  Drone x3  
  73  4:46  Spore Crawler  
  73  4:52  Spore Crawler, Drone  
  73  4:53  Drone x2  
  73  4:57  Drone  
  75  5:01  Drone  
  75  5:02  Drone  
  75  5:03  Drone x2  
  75  5:06  Drone x3  
  81  5:07  Drone  
  81  5:12  Evolution Chamber  
  81  5:13  Drone  
  82  5:14  Overlord  
  82  5:15  Evolution Chamber  
  82  5:17  Extractor, Drone  
  82  5:18  Extractor  
  82  5:21  Drone x2  
  82  5:24  Overlord  
  82  5:28  Overlord  
  82  5:32  Drone  
  82  5:33  Overlord  
  82  5:34  Drone  
  84  5:40  Zerg Ground Armor Level 1, Zerg Melee Weapons Level 1  
  84  5:41  Overseer  
  84  5:43  Hatchery  
  84  5:47  Drone x2  
  83  5:54  Hydralisk Den  
  83  5:55  Zergling x16  
  90  5:57  Drone  
  91  6:06  Zergling x10  
  91  6:10  Drone  
  94  6:11  Drone  
  94  6:18  Drone x2  
  96  6:24  Drone x2  
  96  6:25  Drone x3  
  100  6:30  Drone x3  
  100  6:32  Overlord  
  103  6:38  Overlord  
  103  6:41  Hatchery, Overlord  
  103  6:43  Overlord  
  102  6:52  Zergling x14  
  109  6:55  Baneling x7  
  109  6:57  Muscular Augments  
  109  7:00  Zergling x4  
  109  7:01  Zergling x14  
  118  7:05  Hydralisk x2  
  118  7:06  Hydralisk x2  
  126  7:14  Centrifical Hooks  
  126  7:18  Hydralisk x4  
  134  7:26  Drone x2  
  134  7:28  Baneling x2  
  134  7:29  Hydralisk x5  
  136  7:32  Drone x2  
  136  7:34  Drone  
  149  7:47  Drone x2  
  149  7:48  Spore Crawler, Drone  
  151  7:51  Overlord x4  
  151  7:52  Zerg Ground Armor Level 2  
  151  7:54  Zerg Melee Weapons Level 2  
  151  7:57  Baneling x8  
  151  8:01  Overlord  
  151  8:04  Zergling x8  
  155  8:08  Grooved Spines  
  155  8:10  Drone  
  155  8:12  Extractor  
  155  8:13  Drone  
  155  8:14  Infestation Pit  
  155  8:15  Extractor  
  155  8:18  Drone x2  
  156  8:23  Hatchery  
  155  8:33  Baneling x6  
  155  8:34  Zergling x6  
  155  8:35  Zergling x12  
  155  8:40  Hydralisk x3  
  155  8:41  Zergling x12  
  174  8:43  Baneling x4  
  174  8:46  Baneling x2  
  174  8:47  Baneling x6  
  174  8:50  Zergling x12  
  174  8:54  Hive  
  180  8:57  Overlord  
  180  9:02  Drone x2  
  181  9:09  Overlord  
  174  9:10  Zergling x20  
  181  9:32  Zergling x34  
  198  9:38  Pneumatized Carapace  
  174  9:46  Zergling x2  
  174  9:48  Zergling x16  
  174  9:55  Baneling x12  
  174  9:58  Zergling x28  
  186  10:09  Baneling x5  
  186  10:12  Drone  
  153  10:24  Viper x2  
  153  10:26  Zergling x26  
  153  10:27  Overseer  
  169  10:31  Drone  
  169  10:32  Drone x2  
  169  10:33  Baneling x12  
  166  10:42  Zergling x2  
  166  10:43  Zergling x18  
  166  10:47  Zergling x2  
  166  10:48  Zergling x10  
  166  10:49  Zergling x4  
  160  10:58  Zergling x18  
  160  11:00  Zergling x6  
  165  11:04  Zergling x2  
  165  11:05  Zergling x6  
Tags
 
Add a new tag
Caveats
  • Supply blocks, unpowered buildings, or Contaminate may cause inaccurate times.
  • Supply counts are checked every 10 seconds.